 Dungeon Crawl Stone Soup version 0.27.1-15-g792fb953b9 (webtiles) character file.

Game seed: 13045839995188513130

46 croobank the Sneak (level 3, -2/17 HPs)
             Began as a Felid Delver on Nov 19, 2021.
             Succumbed to a scorpion's poison
             ... on level 2 of the Dungeon.
             The game lasted 00:18:29 (1811 turns).

croobank the Sneak (Felid Delver)                   Turns: 1811, Time: 00:18:30

Health: -2/17      AC:  1    Str:  9    XL:     3   Next: 46%
Magic:  4/4        EV: 17    Int: 11    God:
Gold:   89         SH:  0    Dex: 17    Spells: 2/2 levels left
                                        Lives:  0   Deaths: 0

rFire    . . .     SeeInvis +     - Unarmed
rCold    . . .     Faith    .   (shield unavailable)
rNeg     . . .     Spirit   .   (armour unavailable)
rPois    .         Reflect  .   (helmet unavailable)
rElec    .         Harm     .   (cloak unavailable)
rCorr    .         Rampage  .   (gloves unavailable)
Will     .....                  (boots unavailable)
Stlth    ++++......             (no amulet)
HPRegen  0.05/turn              (no ring)
MPRegen  0.09/turn              (no ring)

@: lethally poisoned (-2 -> -17), quick
A: very small, claws 1, fangs 3, see invisible, speed 1, shaggy fur 1, stealthy
paws, no weapons or thrown items, no armour, multi-lived
a: no special abilities


You were on level 2 of the Dungeon.
You visited 1 branch of the dungeon, and saw 5 of its levels.

You collected 89 gold pieces.

Inventory:

Missiles
 j - 47 stones
Wands
 e - a wand of digging (3)
Scrolls
 a - a scroll of fog
 b - a scroll of magic mapping
Potions
 d - a potion of haste
 i - a potion of curing


   Skills:
 + Level 3.1 Fighting
 + Level 2.8 Dodging
 + Level 7.7 Stealth
 + Level 2.5 Unarmed Combat


You had 2 spell levels left.
You didn't know any spells.
Your spell library was empty.

Dungeon Overview and Level Annotations

Branches:
Dungeon (5/15)
 Temple: D:4-7

Altars:

Shops:
D:4 :

Annotations:
D:2 Terence


Innate Abilities, Weirdness & Mutations

You have sharp claws.
You have razor-sharp teeth.
You have supernaturally acute eyesight. (SInv)
You cover ground quickly. (Speed+)
You are covered in fur. (AC +1)
Your paws help you pounce on unaware monsters.
You are incapable of wielding weapons or throwing items.
You cannot wear armour.
You gain extra lives every three experience levels.


Message History

You miss the adder.
The adder is severely wounded.
You feel sick. The adder bites you.
You scratch the adder.
You kill the adder!
You feel sick.
You start resting.
You feel sick. x3
You are no longer poisoned.
You start resting.
A hobgoblin is nearby!
You see here an adder corpse.
The hobgoblin shouts!
You scratch the hobgoblin.
The hobgoblin is almost dead.
You scratch the hobgoblin.
You kill the hobgoblin!
j - 47 stones (gained 22)
You see here a hobgoblin corpse.
You start resting.
Terence the Incautious comes into view.
He is wielding a +0 short sword and carrying a wand of flame (12).
Found a stone staircase leading down.
A scorpion comes into view.
A goblin comes into view. It is wielding a +2 dagger of pain.
The scorpion completely misses you.
You scratch the scorpion but do no damage.
You bite the scorpion, but do no damage.
The goblin shouts!
The scorpion misses you.
You scratch the scorpion.
The scorpion is lightly wounded.
The scorpion misses you.
You barely miss the scorpion.
The scorpion is lightly wounded.
The scorpion stings you!
You are lethally poisoned!
The scorpion poisons you! The scorpion stings you!
* * * LOW HITPOINT WARNING * * *
You closely miss the scorpion.
The scorpion is lightly wounded.
You die...

#..# ###
##.####..
#..#....
#######.......
#............#
####.######..##.#
#....# #..###..
##.#### #.## ##.
#@.# #.# ## #s.##
#.# ....# #.#
..g.... #.#
.....#.#. # ###.#
.....#. .#
..##...# .... ##
..##.....#######
....
#....##..#......
#........#####


You could see a scorpion and a goblin.

Vanquished Creatures
  An adder (D:2)
  2 dart slugs (D:1)
  An endoplasm (D:1)
  A giant cockroach (D:4)
  2 goblins (D:1)
  3 hobgoblins
  4 jackals (D:1)
  2 kobolds (D:1)
  3 quokkas
  4 ball pythons (D:1)
  2 bats (D:1)
  2 frilled lizards (D:1)
  4 rats (D:1)
31 creatures vanquished.

Notes
Turn   | Place    | Note
-------+----------+-------------------------------------------
     0 | D:5      | croobank the Felid Delver began the quest for the Orb.
     0 | D:5      | Reached XP level 1. HP: 10/10 MP: 2/2
    56 | D:4      | Found Podanaetan's Book Shop.
   176 | D:1      | Reached skill level 7 in Stealth
   296 | D:1      | Reached XP level 2. HP: 14/14 MP: 3/3
  1261 | D:1      | Reached XP level 3. HP: 17/17 MP: 4/4
  1773 | D:2      | Noticed Terence
  1802 | D:2      | Noticed a scorpion
  1811 | D:2      | Succumbed to a scorpion's poison

Illustrated notes

Levels and vault maps discovered:
D:1:      saegor_arrival_under_anarchy, layout_loops_ring,
          minmay_misc_feat_room, minmay_pentomino_p2
D:2:      kennysheep_the_goblin_king, layout_rooms, chequers_garden,
          minmay_unequal, uniq_terence
D:3:      layout_basic, nicolae_vehumet_altar_sigil,
          gammafunk_temple_overflow_wave
D:4:      layout_basic, tgw_kikubaaqudgha, minmay_temple_entry_butterflies,
          serial_shops, shop, shop, nicolae_shop_stone, nicolae_shop_stone, shop
D:5:      layout_loops_corners, mainiacjoe_overflow_24_doors

Skill      XL: |  1 |
---------------+----+-----
Stealth        | 7 |  7.7
Fighting       | |  3.1
Dodging        | |  2.8
Unarmed Combat | |  2.5

Action                   || total
-------------------------++-------
Melee: Unarmed           ||   101
       Bite              ||     8
       Punch             ||     2
  Use: Scroll            ||     6
 Stab: Sleeping          ||     7
Armor: Skin              ||     3
Dodge: Dodged            ||    71
